 Dungeon Crawl Stone Soup version 0.31-a0-1-g4198be8af4 (webtiles) character file.

Game seed: 10191302266367616625

27 cheesebisquit the Grave Robber (level 3, -4/26 HPs)
             Began as a Ghoul Necromancer on Apr 30, 2023.
             Slain by a hobgoblin (5 damage)
             ... on level 2 of the Dungeon.
             The game lasted 00:03:47 (924 turns).

cheesebisquit the Grave Robber (Ghoul Necromancer)   Turns: 924, Time: 00:03:48

Health: -4/26      AC:  2    Str: 11    XL:     3   Next: 10%
Magic:  1/4        EV: 12    Int: 12    God:
Gold:   58         SH:  0    Dex:  9    Spells: 4/5 levels left

rFire   . . .        (no weapon)
rCold   + . .        (no shield)
rNeg    + + +        a - +0 robe
rPois   ∞            (no helmet)
rElec   .            (no cloak)
rCorr   .            (no gloves)
SInv    .            (no boots)
Will    .....        (no amulet)
Stlth   ++           (no ring)
HPRegen 0.00/turn    (no ring)
MPRegen 0.09/turn

%: no passive effects
@: attractive, inhibited regen, hasted, very quick
A: claws 1, cold resistance 1, negative energy resistance 3, inhibited
regeneration, torment resistance 2, devour on kill
a: no special abilities


You were on level 2 of the Dungeon.
You visited 1 branch of the dungeon, and saw 2 of its levels.

You collected 58 gold pieces.

Inventory:

Armour
 a - a +0 robe (worn)
 e - a +0 leather armour of fire resistance
Scrolls
 f - a scroll of immolation {unknown}


   Skills:
 - Level 1.7 Dodging
 - Level 2.1 Stealth
 - Level 1.7 Spellcasting
 + Level 5.0 Necromancy


You had 4 spell levels left.
You knew the following spells:

 Your Spells              Type           Power      Damage    Failure   Level
a - Necrotise             Necr           52%        1d6       3%          1

Your spell library contained the following spells:

 Spells                   Type           Power      Damage    Failure   Level
 Vampiric Draining        Necr           13%        2d6       11%         3
 Magic Dart               Conj           4%         1d3       28%         1
 Animate Dead             Necr           13%        N/A       34%         4
 Call Imp                 Summ           2%         N/A       38%         2
 Mephitic Cloud           Conj/Pois/Air  1%         N/A       63%         3
 Agony                    Necr           13%        N/A       69%         5


Dungeon Overview and Level Annotations

Branches:
Dungeon (2/15)

Altars:


Innate Abilities, Weirdness & Mutations

You are immune to poison.
You have sharp fingernails.
Your flesh is cold resistant. (rC+)
You are immune to negative energy. (rN+++)
You do not regenerate when monsters are visible.
You are immune to unholy pain and torment.
You thrive by killing the living.


Message History

You feel better.
Your Necromancy skill increases to level 5!
Your jackal skeleton crumbles into dust!
Your frilled lizard skeleton crumbles into dust!
HP restored. 3 gnolls and a hobgoblin come into view.
A gnoll is wielding a +0 heavy flail.
Aiming: Necrotise (safe; 3% risk of failure)
Press: ? - help, Q - select action Shift-Dir - straight line, f - gnoll
Aim: a gnoll, wielding a +0 spear (asleep, chance to affect: 76%)
The gnoll shouts!
The gnoll writhes in agony.
The gnoll shouts!
The gnoll barely resists.
The gnoll shouts!
The hobgoblin shouts!
You miscast Necrotise.
You are very lightly contaminated with residual magic.
Nothing appears to happen.
The gnoll barely misses you.
The gnoll writhes in agony.
The gnoll hits you from afar with a +0 spear.
You barely miss the gnoll. The gnoll closely misses you.
You scratch the gnoll.
The gnoll is moderately wounded.
The gnoll hits you with a +0 flail.
Your magical contamination has completely faded away.
The gnoll attacks as you move away! The gnoll hits you with a +0 flail!
* * * LOW HITPOINT WARNING * * *
The gnoll attacks as you move away! The gnoll hits you with a +0 flail.
* * * LOW HITPOINT WARNING * * *
It was a potion of haste.
You feel yourself speed up. The gnoll barely misses you.
It was a potion of attraction.
You feel attractive to monsters. The gnoll is attracted toward you. x2
As you read the scroll labelled VANILE ZOOF, it crumbles to dust.
It is a scroll of amnesia.
Really abort (and waste the scroll)?
Okay, then.
The gnoll barely misses you. The hobgoblin hits you.
You die...

##......##......#.....#
................#.....#
##...............#.....#
.....
..~......~~~.....###.#†#
....
~≈~≈~~~~~~≈~~~...###.#.##...
~~.~~.~~≈~≈~~..........#...
~~~≈.~~~~≈~≈≈~..####.###.g#
~~~~~~~~~~~~≈≈#..###.# ..#
.~.......#≈~≈≈#.@gg..###..#
##+.....##≈≈≈≈#..gg§.§....#
#.#######≈≈≈≈#.########.##
#.# #≈≈≈##.# .# #.# ##≈###.#
.# ##.# #≈# #.. .. ...# ##
### .# #### .# .#


You could see 3 gnolls and a hobgoblin.

Vanquished Creatures
  An endoplasm (D:2)
  2 goblins (D:1)
  6 hobgoblins
  2 jackals (D:2)
  A kobold (D:1)
  6 bats (D:1)
  2 frilled lizards
  A rat (D:2)
21 creatures vanquished.

Vanquished Creatures (collateral kills)
  An endoplasm (D:1)
  A rat (D:2)
2 creatures vanquished.

Grand Total: 23 creatures vanquished

Notes
Turn   | Place    | Note
-------+----------+-------------------------------------------
     0 | D:1      | cheesebisquit the Ghoul Necromancer began the quest for the
                  | Orb.
     0 | D:1      | Reached XP level 1. HP: 14/14 MP: 2/2
   208 | D:1      | Reached XP level 2. HP: 20/20 MP: 0/3
   802 | D:2      | Reached XP level 3. HP: 26/26 MP: 0/4
   832 | D:2      | Reached skill level 5 in Necromancy
   919 | D:2      | HP: 1/26 [gnoll/+0 flail (5)]
   924 | D:2      | Slain by a hobgoblin

Illustrated notes

Levels and vault maps discovered:
D:1:      zaba_arrival_water, layout_rooms
D:2:      layout_basic, serial_rivers, chequers_serial_rivers_large_a,
          chequers_serial_rivers_room_b, chequers_serial_rivers_small_3,
          chequers_serial_rivers_small_3, st_stairs_8

Skill      XL: |  1  2  3 |
---------------+----------+-----
Necromancy     | 5 |  5.0
Dodging        | |  1.7
Stealth        | |  2.1
Spellcasting   | |  1.7

Action                     || total
---------------------------++-------
  Melee: Unarmed           ||    38
   Cast: Necrotise         ||    36
    Use: Potion            ||     3
         Scroll            ||     1
 Armour: Robe              ||     8
  Dodge: Dodged            ||    50

Table legend: (Time is in decaauts)
 A = Elapsed time spent in this place.
 B = Non-inter-level travel time spent in this place.
 C = Inter-level travel time spent in this place.
 D = Time resting spent in this place.
 E = Time spent auto-exploring this place.
 F = Levels seen in this place.
 G = Mean time per level.
                   A        B        C        D        E       F      G
               +--------+--------+--------+--------+--------+-----+--------+
         Total |    933 |    906 |     27 |      0 |    737 |   2 |  466.5 |
       Dungeon |    933 |    906 |     27 |      0 |    737 |   2 |  466.5 |
               +--------+--------+--------+--------+--------+-----+--------+

Top non-repeatable levels by time:
     D:1: 677 daAuts
     D:2: 255 daAuts
